 Dungeon Crawl Stone Soup version 0.32-a0-543-gefe97123c3 (webtiles) character file.

Game seed: 11178084336182176364

677 Ladon the Ruffian (level 7, -2/63 HPs)
             Began as a Troll Shapeshifter on Feb 29, 2024.
             Slain by a lemure (6 damage)
             ... led by Pikel
             ... on level 4 of the Dungeon.
             The game lasted 00:04:11 (2744 turns).

Ladon the Ruffian (Troll Shapeshifter)              Turns: 2744, Time: 00:04:11

Health: -2/63      AC:  4    Str: 23    XL:     7   Next: 33%
Magic:  6/6        EV: 11    Int:  6    God:
Gold:   156        SH:  0    Dex: 17    Spells: 6/6 levels left

rFire   . .          .
                       - Unarmed
rCold   . . .        (no shield)
rNeg    . . .        a - +0 animal skin
rPois   .            (helmet currently unavailable)
rElec   .            o - melded +1 cloak
rCorr   .            (gloves unavailable)
SInv    .            (boots unavailable)
Will    .....        (no amulet)
Stlth   ++           g - +6 ring of dexterity
HPRegen 1.10/turn    (no ring)
MPRegen 0.10/turn

%: no passive effects
@: beast-form
A: beast (slay +2), large, unfitting armour, claws 3, regeneration 1, shaggy fur
1, tough skin 1
a: Begin Untransformation


You were on level 4 of the Dungeon.
You were a hulking beast.
You visited 1 branch of the dungeon, and saw 4 of its levels.

You collected 156 gold pieces.

Inventory:

Hand Weapons
 n - a +3 quarterstaff of chaos
 p - a +3 heavy mace
Armour
 a - a +0 animal skin (worn)
 o - a +1 cloak (melded)
Jewellery
 g - a +6 ring of dexterity (left claw)
Talismans
 c - a beast talisman (active)
 d - a flux talisman
Wands
 t - a wand of polymorph (10)
Scrolls
 e - a scroll of immolation {unknown}
 f - 3 scrolls of revelation {unknown}
 h - 2 scrolls of identify {unknown}
 i - a scroll of teleportation {unknown}
 j - 2 scrolls of enchant weapon {unknown}
 k - a scroll of enchant armour {unknown}
 m - a scroll of blinking {unknown}
Potions
 b - 2 potions of mutation {unknown}
 l - a potion of brilliance
 q - a potion of lignification
 r - a potion of berserk rage {unknown}


   Skills:
 + Level 1.8 Fighting
 + Level 3.1 Dodging
 + Level 1.1 Stealth
 + Level 5.7 Unarmed Combat
 * Level 5.0 Shapeshifting


You had 6 spell levels left.
You didn't know any spells.
Your spell library was empty.

Dungeon Overview and Level Annotations

Branches:
Dungeon (4/15)
 Temple: D:4-7

Altars:
Dithmenos
Hepliaklqana
Sif Muna
Uskayaw

Annotations:
D:4 Grinder, Pikel


Innate Abilities, Weirdness & Mutations

You are a hulking beast.
Your limbs bulge with bestial killing power. (Slay +2)
You are too large for most types of armour.
You have claws for hands.
Your natural rate of healing is unusually fast.
You are covered in fur. (AC +1)
You have tough skin. (AC +1)


Message History

You closely miss Pikel.
Pikel is heavily wounded.
Pikel hits you with a +1 whip of freezing.
Pikel freezes you. Grinder gestures at you.
You suddenly lose the ability to move!
The goblin unwields a +0 club.
The goblin wields a +0 sling.
The goblin shoots a sling bullet.
The sling bullet hits you.
A hobgoblin comes into view.
The lemure hits you! The lemure hits you.
The hobgoblin shouts!
Pikel hits you but does no damage. The lemure hits you but does no damage.
The lemure hits you.
Pikel hits you with a +1 whip of freezing!
Pikel freezes you.
* * * LOW HITPOINT WARNING * * *
The lemure hits you but does no damage. x3
You can move again.
Press: ? - help, v - describe, . - travel
Here: Pikel, wielding a +1 whip of freezing and wearing a +0 robe (heavily wounded)
The floor, spattered with blood.
You scratch Pikel.
Pikel is severely wounded.
Pikel hits you with a +1 whip of freezing.
* * * LOW HITPOINT WARNING * * *
Pikel freezes you.
* * * LOW HITPOINT WARNING * * *
The lemure hits you but does no damage. The lemure closely misses you.
The lemure hits you but does no damage.
Okay, then.
Unknown command.
You feel better.
Pikel cracks his whip.
Pikel hits you with a +1 whip of freezing!
* * * LOW HITPOINT WARNING * * *
Pikel freezes you.
* * * LOW HITPOINT WARNING * * *
Grinder says, "Mostly I couldn't keep them alive."
The lemure hits you.
You die...

### ... 5 ## ### .# .
####... #.# .. .....#
... ...#... ...# ...
#Kg..... .#.## #.#
##.#g..... .)#.# #.#
##K#55.# ...#.# #.#
##.#h5# ÷)(.#.#
#.###.#5..#
.)...#.##.##.#...[.....
......#.#.#.#......####
#......#.#.#.........
#.......#.#.........##
.........#........###
.........#......###
.....ß...#.....#.#


You could see Pikel, Grinder, 3 lemures, a hobgoblin and a goblin.

Vanquished Creatures
  2 phantoms (D:4)
  3 scorpions
  Crazy Yiuf (D:3)
  A bombardier beetle (D:4)
  An orc priest (D:3)
  A hound (D:4)
  Terence (D:3)
  2 orc wizards
  4 gnolls (D:4)
  4 adders
  3 dart slugs
  9 orcs
  7 ball pythons
  3 endoplasms
  7 goblins
  11 hobgoblins
  4 quokkas
  4 bats
  5 frilled lizards
  5 kobolds
  7 rats
85 creatures vanquished.

Notes
Turn   | Place    | Note
-------+----------+-------------------------------------------
     0 | D:1      | Ladon the Troll Shapeshifter began the quest for the Orb.
     0 | D:1      | Reached XP level 1. HP: 18/18 MP: 0/0
    59 | D:1      | Reached skill level 1 in Fighting
    69 | D:1      | Reached XP level 2. HP: 27/27 MP: 1/1
   546 | D:2      | Reached XP level 3. HP: 33/33 MP: 2/2
   685 | D:2      | Found a faded altar of an unknown god.
   809 | D:2      | Found a shimmering blue altar of Sif Muna.
  1661 | D:3      | Reached XP level 4. HP: 39/41 MP: 3/3
  1936 | D:3      | Reached XP level 5. HP: 48/48 MP: 4/4
  2073 | D:3      | Noticed Terence
  2083 | D:3      | Killed Terence
  2255 | D:3      | Found a runed translucent door.
  2256 | D:3      | Noticed Crazy Yiuf
  2264 | D:3      | Killed Crazy Yiuf
  2425 | D:4      | Reached XP level 6. HP: 54/55 MP: 5/5
  2483 | D:4      | Reached skill level 5 in Unarmed Combat
  2521 | D:4      | Found a hazy altar of Hepliaklqana.
  2538 | D:4      | Reached XP level 7. HP: 63/63 MP: 6/6
  2622 | D:4      | Found a hide-covered altar of Uskayaw.
  2633 | D:4      | Found a shadowy altar of Dithmenos.
  2682 | D:4      | Reached skill level 1 in Stealth
  2698 | D:4      | Reached skill level 5 in Shapeshifting
  2731 | D:4      | Noticed Pikel
  2738 | D:4      | Noticed Grinder
  2740 | D:4      | Paralysed by Grinder for 2 turns
  2744 | D:4      | Slain by a lemure

Illustrated notes

Levels and vault maps discovered:
D:1:      minmay_arrival_checkered_box, layout_basic
D:2:      layout_basic, basic_ecumenical_altar, basic_altar
D:3:      layout_loops_cross, uniq_terence, uniq_crazy_yiuf_cottage
D:4:      wad_pebble_path, layout_rooms,
          nicolae_dithmenos_through_a_glass_darkly,
          mainiacjoe_overflow_concentric_impassable,
          nicolae_uskayaw_murder_on_the_dancefloor, overflow_temple_1_default,
          chequers_serial_rivers_micro_b, uniq_pikel, uniq_grinder

Skill      XL: |  1  2  3  4  5  6  7 |
---------------+----------------------+-----
Fighting       | 1 |  1.8
Dodging        | 2 3 |  3.1
Shapeshifting  | 4 5 |  5.0
Unarmed Combat | 4 5 |  5.7
Stealth        | 1 |  1.1

Action                     |  1- 3 |  4- 6 |  7- 9 || total
---------------------------+-------+-------+-------++-------
  Melee: Unarmed           |    95 |   104 |    30 ||   229
         Punch             |     2 |     2 |       ||     4
Ability: Begin Untransform |       |     1 |       ||     1
    Use: Potion            |       |     4 |     1 ||     5
   Stab: Sleeping          |       |     3 |     2 ||     5
 Armour: Animal skin       |    61 |    55 |    35 ||   151
         Skin              |       |    35 |       ||    35
  Dodge: Dodged            |    47 |    33 |    14 ||    94
   Form: Beast             |       |     1 |       ||     1

Table legend: (Time is in decaauts)
 A = Elapsed time spent in this place.
 B = Non-inter-level travel time spent in this place.
 C = Inter-level travel time spent in this place.
 D = Time resting spent in this place.
 E = Time spent auto-exploring this place.
 F = Levels seen in this place.
 G = Mean time per level.
                   A        B        C        D        E       F      G
               +--------+--------+--------+--------+--------+-----+--------+
         Total |   2725 |   2563 |    162 |      0 |   2060 |   4 |  681.2 |
       Dungeon |   2725 |   2563 |    162 |      0 |   2060 |   4 |  681.2 |
               +--------+--------+--------+--------+--------+-----+--------+

Top non-repeatable levels by time:
     D:2: 1011 daAuts
     D:3: 863 daAuts
     D:1: 518 daAuts
     D:4: 332 daAuts
